 Dungeon Crawl Stone Soup version 0.30-a0-743-gbfdf073431 (webtiles) character file.

Game seed: 4726568449405921142

12384 bande the Cleaver (level 11, -1/73 HPs)
             Began as a Gargoyle Fighter on Feb 6, 2023.
             Was a High Priest of Okawaru.
             Slain by a death yak (12 damage)
             ... on level 10 of the Dungeon.
             The game lasted 00:23:33 (10173 turns).

bande the Cleaver (Gargoyle Fighter)               Turns: 10173, Time: 00:23:34

Health: -1/73      AC: 33    Str: 22    XL:     11   Next: 92%
Magic:  0/7        EV:  7    Int: 20    God:    Okawaru [*****.]
Gold:   704        SH: 17    Dex: 19    Spells: 10/10 levels left

rFire   + + +      SeeInvis .    G - +3 war axe
rCold   . . .      Faith    .    r - +5 kite shield of Ohaaskobb {-Cast rElec rF+++ MP-9}
rNeg    + . .      Spirit   +    s - +6 chain mail of the Salamander {rC- Str+4 Int+4 Stlth+}
rPois   ∞          Reflect  .    B - +1 helmet
rElec   +          Harm     .    b - +0 cloak of Gestures {+Inv Regen+ Dex+2}
rCorr   .          Rampage  .    x - +0 pair of gloves "Meeffebide" {Contam rC+ Int+7 Stlth+}
Will    +....      NoCast   +    j - +2 pair of boots
Stlth   +                        h - amulet of guardian spirit
HPRegen 1.12/turn                f - ring of protection from fire
MPRegen 0.10/turn                C - ring of willpower

@: no status effects
A: sickness immunity, AC +8, negative energy resistance 1, electricity
resistance, torment resistance 1, petrification resistance, agile 1, robust 1,
wild magic 1
a: Renounce Religion, Evoke Invisibility, Heroism, Finesse, Duel


You were on level 10 of the Dungeon.
You worshipped Okawaru.
Okawaru was extremely pleased with you.
You visited 2 branches of the dungeon, and saw 12 of its levels.
You also visited: Bailey.

You collected 704 gold pieces.

Inventory:

Hand Weapons
 G - a +3 war axe (weapon)
 L - a +0 flail of protection
 M - a +0 broad axe
Missiles
 T - 2 throwing nets (quivered)
Armour
 b - the +0 cloak of Gestures (worn) {+Inv Regen+ Dex+2}
   (You acquired it on level 5 of the Dungeon)

   Dex:       It affects your dexterity (+2).
   +Inv:      It lets you turn invisible.
   Regen:     It increases your rate of health regeneration.
 c - a +0 hat
 j - a +2 pair of boots (worn)
 r - the +5 kite shield of Ohaaskobb (worn) {-Cast rElec rF+++ MP-9}
   (You acquired it on level 3 of the Dungeon)

   rF:        It renders you almost immune to fire.
   rElec:     It insulates you from electricity.
   MP:        It affects your magic capacity (-9).
   -Cast:     It prevents spellcasting.
 s - the +6 chain mail of the Salamander (worn) {rC- Str+4 Int+4 Stlth+}
   (You found it on level 3 of the Dungeon)

   Str:       It affects your strength (+4).
   Int:       It affects your intelligence (+4).
   rC:        It makes you vulnerable to cold.
   Stlth:     It makes you more stealthy.
 u - a +0 plate armour
 x - the +0 pair of gloves "Meeffebide" (worn) {Contam rC+ Int+7 Stlth+}
   (You acquired it on level 8 of the Dungeon)

   Int:       It affects your intelligence (+7).
   rC:        It protects you from cold.
   Contam:    It causes magical contamination when unequipped.
   Stlth:     It makes you more stealthy.
 B - a +1 helmet (worn)
 S - a +0 scale mail of fire resistance
Jewellery
 a - a ring of willpower
 f - a ring of protection from fire (left hand)
 h - an amulet of guardian spirit (around neck)
 v - a ring of magical power
 y - a ring of wizardry
 C - a ring of willpower (right hand)
 E - a ring of magical power
 F - a ring of positive energy
 U - a +4 ring of protection
Wands
 l - a wand of iceblast (5)
 o - a wand of flame (24)
 q - a wand of light (9)
 z - a wand of polymorph (19)
 O - a wand of digging (7)
Scrolls
 g - 2 scrolls of enchant weapon
 k - 4 scrolls of teleportation
 t - 2 scrolls of amnesia
 J - a scroll of fog
 P - 4 scrolls of fear
 Q - a scroll of poison
 R - a scroll of blinking
Potions
 d - 2 potions of heal wounds
 e - 2 potions of berserk rage
 i - 8 potions of curing
 m - a potion of might
 n - a potion of brilliance
 p - a potion of experience {unknown}
 w - a potion of flight {unknown}
 A - a potion of magic {unknown}
 D - 2 potions of cancellation
 H - a potion of haste {unknown}
 I - 3 potions of invisibility
 K - a potion of mutation
 N - a potion of resistance {unknown}
Miscellaneous
 V - a phantom mirror


   Skills:
 + Level 7.3 Fighting
 + Level 9.9 Axes
 + Level 7.6 Armour
 + Level 9.5 Shields
 * Level 7.6 Invocations
 * Level 6.5 Evocations


You had 10 spell levels left.
You didn't know any spells.
Your spell library contained the following spells:

 Spells                   Type           Power      Damage    Failure   Level
 Apportation              Tloc           0%         N/A       98%         1
 Magic Dart               Conj           0%         1d3       98%         1
 Necrotise                Necr           0%         1d4       98%         1
 Shock                    Conj/Air       0%         1d3       98%         1
 Scorch                   Fire           0%         2d5       99%         2
 Dazzling Flash           Conj/Hex       0%         N/A       100%        3
 Mephitic Cloud           Conj/Pois/Air  0%         N/A       100%        3
 Swiftness                Air            0%         N/A       100%        3
 Airstrike                Air            0%         2d(0-16)  100%        4
 Flame Wave               Conj/Fire      0%         2d4       100%        4
 Iskenderun's Mystic Bla  Conj/Tloc      0%         2d3       100%        4
 Borgnjor's Vile Clutch   Necr/Erth      0%         N/A       100%        5
 Lightning Bolt           Conj/Air       0%         1d11      100%        5
 Starburst                Conj/Fire      0%         6d3       100%        6
 Enfeeble                 Hex            0%         N/A       100%        7
 Storm Form               Tmut/Air       0%         N/A       100%        7
 Maxwell's Capacitive Co  Air            0%         ∞         100%        8
 Summon Small Mammal      Summ           Unusable   N/A       N/A         1
 Call Imp                 Summ           Unusable   N/A       N/A         2
 Animate Dead             Necr           Unusable   N/A       N/A         4
 Summon Lightning Spire   Summ/Air       Unusable   N/A       N/A         4
 Death Channel            Necr           Unusable   N/A       N/A         6
 Summon Cactus Giant      Summ           Unusable   N/A       N/A         6

Dungeon Overview and Level Annotations

Branches:
Dungeon (11/15)            Temple (1/1) D:4            Lair (0/5) D:11
    Orc (0/2) D:9          Bailey (visited)

Altars:
Ashenzari
Cheibriados
Dithmenos
Elyvilon
Fedhas
Gozag
Hepliaklqana
Kikubaaqudgha
Makhleb
Nemelex Xobeh
Okawaru
Qazlal
Ru
Sif Muna
Trog
Uskayaw
Vehumet
Wu Jian
Xom
Yredelemnul
Zin
The Shining One

Shops:
D:7 ?

Annotations:
D:4 exclusion: statue


Innate Abilities, Weirdness & Mutations

You are immune to sickness and miasma.
Your stone body is resilient. (AC +8)
You are immune to poison.
You resist negative energy. (rN+)
You are resistant to electric shocks. (rElec)
You are resistant to unholy torment.
You are immune to petrification.
You are agile. (Dex +4, Str/Int -1)
You are robust. (+10% HP)
Your spells are a little harder to cast, but a little more powerful.


Message History

You block the death yak's attack. x2
The death yak gores you but does no damage.
Unknown command.
You barely miss the death yak.
The death yak is moderately wounded.
You hit the death yak. You slash the death yak!
The death yak gores you but does no damage.
You block the death yak's attack. x2
Unknown command.
You hit the death yak.
The death yak is moderately wounded.
You hit the death yak but do no damage. You barely miss the death yak.
The death yak gores you but does no damage.
The death yak gores you!
* * * LOW HITPOINT WARNING * * *
The death yak gores you but does no damage.
You hit the death yak.
The death yak is moderately wounded.
You barely miss the death yak. You hit the death yak but do no damage.
The death yak gores you but does no damage.
You block the death yak's attack. The death yak gores you.
* * * LOW HITPOINT WARNING * * *
Unknown command.
You slash the death yak!
The death yak is moderately wounded.
You hit the death yak but do no damage. You slash the death yak!
The death yak gores you.
* * * LOW HITPOINT WARNING * * *
The death yak gores you.
* * * LOW HITPOINT WARNING * * *
The death yak gores you but does no damage. x2
You block the death yak's attack. x2
Unknown command.
You hit the death yak.
The death yak is moderately wounded.
You hit the death yak but do no damage. You slash the death yak!
You block the death yak's attack.
The death yak gores you but does no damage.
The death yak gores you!
You die...

....)....#####.#####.##[# #..#
.)###.##.# #.# ##.##.# #..# ..#
#.##.# #.# #...#.## ##.# #.#
#.##.# ##.####......# #.. #.#
#.##.####...#........# #.# #.#
#>...................# ##.# #.#
####[##........###...# #..# ..#
#.......Y...#_###.# #..#
########)##.....@Y##.###.# #...
........)###...Y.##...##.# #...
###......# ##...##..#..### ##..
....###.## ##.###.###.# #.#
######.#.## #.###.###.# #.#
...##.###.## #.##..._#.#### #.#
##.#.## ##.###.#_....#..'.# #.#
#...## #......##..._#.##.# #.#
#..#.########.####.###.##.#####.#


You could see 3 death yaks.

Vanquished Creatures
  Gastronok (D:8)
  Harold (D:9)
  A centaur warrior (D:10)
  2 death yaks
  An orc high priest (Bailey)
  A cyclops (D:8)
  3 kobold demonologists
  A komodo dragon (D:9)
  An unseen horror (D:9)
  2 trolls
  A wyvern (D:10)
  A steam dragon (D:8)
  2 water moccasins
  An acid dragon (D:10)
  3 sky beasts
  13 orc warriors
  A black bear (D:4)
  3 ice beasts
  An ogre (D:6)
  5 centaurs
  2 phantoms (D:5)
  6 kobold brigands
  A bullfrog (D:5)
  A gnoll sergeant (D:9)
  4 scorpions
  14 wights
  12 killer bees
  4 howler monkeys
  4 electric eels (Bailey)
  An orc priest (D:6)
  2 hounds
  A jelly (D:5)
  3 gnoll boudas (D:9)
  Ijyb (D:3)
  Natasha (thrice) (D:2)
  4 iguanas
  4 orc wizards
  Robin (D:4)
  7 adders
  20 gnolls
  2 shadow imps
  3 white imps
  An ufetubus (D:7)
  3 worms
  33 orcs
  4 bats
  2 endoplasms
  2 giant cockroaches
  25 goblins
  15 hobgoblins
  3 jackals (D:2)
  31 kobolds
  A quokka (D:2)
  5 ball pythons
  A frilled lizard (D:1)
  2 rats (D:2)
273 creatures vanquished.

Vanquished Creatures (others)
  2 fungi (D:3)
  2 plants (D:3)
4 creatures vanquished.

Grand Total: 277 creatures vanquished

Notes
Turn   | Place    | Note
-------+----------+-------------------------------------------
     0 | D:1      | bande the Gargoyle Fighter began the quest for the Orb.
     0 | D:1      | Reached XP level 1. HP: 14/14 MP: 1/1
   292 | D:1      | Reached XP level 2. HP: 19/19 MP: 2/2
   741 | D:2      | Noticed Natasha
   742 | D:2      | Noticed a crimson imp
   747 | D:2      | Noticed a crimson imp
   747 | D:2      | Killed Natasha
   748 | D:2      | Reached XP level 3. HP: 16/24 MP: 3/3
   817 | D:2      | Got Hoagat's Reference Book on Vexing Anemomancy
  1087 | D:2      | Reached XP level 4. HP: 29/29 MP: 4/4
  1234 | D:2      | Noticed Natasha
  1241 | D:2      | Killed Natasha
  1338 | D:2      | Noticed Natasha
  1350 | D:2      | Killed Natasha
  1351 | D:2      | Reached XP level 5. HP: 28/34 MP: 3/5
  1558 | D:3      | Identified the +6 chain mail of the Salamander {rC- Str+4
                  | Int+4 Stlth+}
  1727 | D:3      | Found a glowing golden altar of the Shining One.
  1768 | D:3      | Noticed Ijyb
  1783 | D:3      | Killed Ijyb
  1950 | D:3      | Found a faded altar of an unknown god.
  1977 | D:3      | Identified a scroll of acquirement
  1977 | D:3      | Acquired the +5 kite shield of Ohaaskobb {-Cast rElec rF+++
                  | MP-9}
  2184 | D:4      | Noticed Robin
  2197 | D:4      | Killed Robin
  2200 | D:4      | Reached XP level 6. HP: 24/39 MP: 0/6
  2207 | D:4      | Reached skill level 1 in Evocations
  2216 | D:4      | Found a staircase to the Ecumenical Temple.
  2533 | D:4      | Noticed a black bear
  2546 | D:4      | Killed a black bear
  3013 | D:4      | Found a radiant altar of Vehumet.
  3091 | D:4      | Found a blossoming altar of Fedhas.
  3120 | D:4      | Reached XP level 7. HP: 44/44 MP: 0/7
  3295 | D:5      | Entered Level 5 of the Dungeon
  3311 | Temple   | Entered the Ecumenical Temple
  3311 | Temple   | Found a transporter.
  3311 | Temple   | Found a transporter.
  3313 | Temple   | Found a transporter.
  3313 | Temple   | Found a transporter.
  3379 | Temple   | Became a worshipper of Warmaster Okawaru
  3763 | D:5      | Reached skill level 1 in Invocations
  3807 | D:5      | Found a shimmering blue altar of Sif Muna.
  3923 | D:5      | Reached skill level 5 in Armour
  3936 | D:5      | Reached * piety under Okawaru
  3937 | D:5      | Reached skill level 5 in Axes
  3937 | D:5      | Reached skill level 5 in Shields
  3937 | D:5      | Reached XP level 8. HP: 47/48 MP: 0/9
  3946 | D:5      | Reached skill level 5 in Fighting
  3953 | D:5      | Acquired the +0 cloak of Gestures {+Inv Regen+ Dex+2}
  5622 | D:7      | Found a flagged portal.
  5651 | Bailey   | Entered a bailey
  5721 | Bailey   | Reached XP level 9. HP: 54/54 MP: 2/11
  5733 | Bailey   | Reached ** piety under Okawaru
  5787 | Bailey   | Noticed an orc high priest
  5795 | Bailey   | Noticed an orange demon
  5800 | Bailey   | Noticed a red devil
  5808 | Bailey   | Noticed a sun demon
  5808 | Bailey   | Noticed a smoke demon
  5810 | Bailey   | Killed an orc high priest
  5810 | Bailey   | Reached *** piety under Okawaru
  5958 | Bailey   | Found an iron altar of Okawaru.
  5958 | Bailey   | Noticed a kobold demonologist
  5971 | Bailey   | Noticed a smoke demon
  5972 | Bailey   | Noticed a rust devil
  5974 | Bailey   | Killed a kobold demonologist
  5981 | Bailey   | Reached XP level 10. HP: 59/60 MP: 2/13
  5984 | Bailey   | Reached skill level 5 in Invocations
  6024 | Bailey   | Identified the +0 dagger "Transmigrator" {pain, Will+}
  6305 | D:7      | Reached **** piety under Okawaru
  6501 | D:7      | Reached skill level 5 in Evocations
  6519 | D:7      | Found Irchag's Magic Scroll Shoppe.
  6769 | D:8      | Acquired the +0 pair of gloves "Meeffebide" {Contam rC+
                  | Int+7 Stlth+}
  6780 | D:8      | Noticed a cyclops
  6791 | D:8      | Killed a cyclops
  6799 | D:8      | Found an opulent altar of Gozag.
  6969 | D:8      | Noticed Gastronok
  6993 | D:8      | Killed Gastronok
  6993 | D:8      | Reached ***** piety under Okawaru
  7115 | D:8      | Reached XP level 11. HP: 59/66 MP: 6/15
  7954 | D:9      | Found an ornate altar of the Wu Jian Council.
  8048 | D:9      | Found a burning altar of Makhleb.
  8135 | D:9      | Identified the +1 war axe of Attainder {flame, Fragile
                  | rPois Dex+2} (Okawaru gifted it to you on level 9 of the
                  | Dungeon)
  8135 | D:9      | Received a gift from Okawaru
  8194 | D:9      | Found a staircase to the Orcish Mines.
  8217 | D:9      | Noticed Harold
  8247 | D:9      | Killed Harold
  8404 | D:10     | Entered Level 10 of the Dungeon
  8456 | D:10     | Noticed a sun demon
  8916 | D:9      | Noticed a soul eater
  9064 | D:10     | Gained mutation: You are robust. (+10% HP) [potion of
                  | mutation]
  9064 | D:10     | Gained mutation: Your spells are a little harder to cast,
                  | but a little more powerful. [potion of mutation]
  9064 | D:10     | Gained mutation: You are agile. (Dex +4, Str/Int -1)
                  | [potion of mutation]
  9200 | D:10     | Found a snail-covered altar of Cheibriados.
  9203 | D:10     | Noticed a centaur warrior
  9215 | D:10     | Killed a centaur warrior
  9288 | D:10     | Found a glowing silver altar of Zin.
  9288 | D:10     | Found a faded altar of an unknown god.
  9296 | D:10     | Found a faded altar of an unknown god.
  9298 | D:10     | Found a basalt altar of Yredelemnul.
  9300 | D:10     | Found a sparkling altar of Nemelex Xobeh.
  9918 | D:11     | Noticed a death yak
  9919 | D:11     | Noticed a death yak
  9919 | D:11     | Noticed a death yak
  9920 | D:11     | Found a staircase to the Lair.
  9920 | D:11     | Noticed a death yak
  9922 | D:11     | Noticed a death yak
  9941 | D:11     | Killed a death yak
 10008 | D:10     | Killed a death yak
 10173 | D:10     | Slain by a death yak

Illustrated notes

Levels and vault maps discovered:
D:1:      evilmike_arrival_hilbert_curve, layout_basic, nicolae_eternal_life,
          serial_bayou_pond_a
D:2:      kennysheep_the_goblin_king, layout_basic, uniq_natasha
D:3:      layout_rooms, nicolae_tso_carved_into_rock,
          shapermc_ecumenical_altar_mp_urbaneastern, guppyfry_early_lair_pool,
          uniq_ijyb
D:4:      layout_basic, fedhas_altar_2, vehumet_statue,
          minmay_temple_entry_butterflies, chequers_serial_rivers_small_b,
          small_statue_intersection, uniq_robin
D:5:      layout_layer_cave, mainiacjoe_overflow_surrounded_room,
          hangedman_decor_clover_reticule, chequers_big_river,
          minmay_fractal_squares_diagonal_5
D:6:      layout_basic
D:7:      layout_cave_pools, enter_bailey_2, nicolae_ossuary_entry_monument,
          serial_shops, shop, grunt_ministairs_8
D:8:      layout_basic, grunt_gozag_breadcrumbs, dk_rats_in_the_wall,
          uniq_gastronok
D:9:      layout_roguey, nzn_wu_jian_contemplation, bloody_makhleb, orc_0_dummy,
          uniq_harold
D:10:     layout_loops_ring, old_standard_altar,
          chequers_temple_overflow_minitemple, kennysheep_generic_room_14
D:11:     cheibrodos_grave_circle, layout_irregular_city, dpeg_lair_monsters,
          uniq_josephine
Temple:   hellmonk_temple_divided_pantheon

Skill      XL: |  1  2  3  4  5  6  7  8  9 10 11 |
---------------+----------------------------------+-----
Fighting       | 4 5 6 7 |  7.3
Axes           | 2 3 4 5 6 7 8 9 |  9.9
Armour         | 4 5 6 7 |  7.6
Shields        | 4 5 6 7 8 9 |  9.5
Evocations     | 1 2 3 4 5 6 |  6.5
Invocations    | 1 3 4 6 7 |  7.6

Action                     |  1- 3 |  4- 6 |  7- 9 | 10-12 || total
---------------------------+-------+-------+-------+-------++-------
  Melee: War axe           |    58 |   184 |   264 |   516 ||  1022
    Use: Scroll            |     2 |    10 |     8 |     6 ||    26
         Potion            |       |       |     2 |     3 ||     5
   Stab: Distracted        |       |       |       |     1 ||     1
 Armour: Scale mail        |    42 |    17 |       |       ||    59
         Chain mail        |       |   141 |   169 |   461 ||   771
  Dodge: Dodged            |    48 |    69 |    64 |   128 ||   309
  Block: Buckler           |    17 |    23 |       |       ||    40
         Kite shield       |       |   102 |   235 |   547 ||   884

Table legend: (Time is in decaauts)
 A = Elapsed time spent in this place.
 B = Non-inter-level travel time spent in this place.
 C = Inter-level travel time spent in this place.
 D = Time resting spent in this place.
 E = Time spent auto-exploring this place.
 F = Levels seen in this place.
 G = Mean time per level.
                   A        B        C        D        E       F      G
               +--------+--------+--------+--------+--------+-----+--------+
         Total |  10524 |  10143 |    381 |    523 |   6966 |  13 |  809.5 |
       Dungeon |   9733 |   9352 |    381 |    523 |   6577 |  11 |  884.8 |
        Temple |     88 |     88 |      0 |      0 |      1 |   1 |   88.0 |
        Bailey |    702 |    702 |      0 |      0 |    387 |   1 |  702.0 |
               +--------+--------+--------+--------+--------+-----+--------+

Top non-repeatable levels by time:
     D:5: 1445 daAuts
    D:10: 1213 daAuts
     D:4: 1184 daAuts
     D:9: 1155 daAuts
     D:8: 979 daAuts
     D:2: 830 daAuts
     D:6: 814 daAuts
     D:3: 740 daAuts
  Bailey: 702 daAuts
     D:1: 682 daAuts
     D:7: 545 daAuts
    D:11: 141 daAuts
  Temple: 88 daAuts
